 Dungeon Crawl Stone Soup version 0.31.0-12-g77e489cdc1 (webtiles) character file.

Game seed: 14638915622767910913

4 112233 the Shield-Bearer (level 1, 0/16 HPs)
             Began as an Octopode Fighter on Feb 18, 2024.
             Slain by a ribbon worm (7 damage)
             ... on level 2 of the Dungeon.
             The game lasted 00:00:05 (158 turns).

112233 the Shield-Bearer (Octopode Fighter)          Turns: 158, Time: 00:00:06

Health: 0/16       AC:  1    Str: 15    XL:     1   Next: 70%
Magic:  1/1        EV:  7    Int: 10    God:
Gold:   38         SH:  0    Dex: 11    Spells: 0/0 levels left

rFire   . .          .
                       - Unarmed
rCold   . . .        a - +0 buckler
rNeg    . . .        (helmet restricted)
rPois   .            (no amulet)
rElec   .            (no ring)
rCorr   .            (no ring)
SInv    .            (no ring)
Will    .....        (no ring)
Stlth   ++           (no ring)
HPRegen 0.22/turn    (no ring)
MPRegen 0.07/turn    (no ring)
                     (no ring)

%: no passive effects
@: held
A: almost no armour, amphibious, 8 rings, camouflage 1, gelatinous body 1,
(nimble swimmer 1), tentacles
a: no special abilities


You were on level 2 of the Dungeon.
You visited 1 branch of the dungeon, and saw 2 of its levels.

You collected 38 gold pieces.

Inventory:

Armour
 a - a +0 buckler (worn)
Potions
 b - a potion of might
 c - 2 potions of berserk rage {unknown}


   Skills:
 + Level 3.0 Fighting
 + Level 3.0 Dodging
 + Level 3.1 Shields
 + Level 2.1 Unarmed Combat


You couldn't memorise any spells.
You didn't know any spells.
Your spell library was empty.

Dungeon Overview and Level Annotations

Branches:
Dungeon (2/15)

Altars:


Innate Abilities, Weirdness & Mutations

You cannot wear most types of armour.
You are amphibious.
You can wear up to eight rings at the same time.
Your skin changes colour to match your surroundings (Stealth+).
Your rubbery body absorbs attacks. (AC +1, EV +1)
((You are camouflaged when in or above water. (Stealth+)))
You have tentacles for arms and can constrict up to eight enemies at once.


Message History

You now have 38 gold pieces (gained 4).
Found a whip and a rapier.
You see here a +0 whip.
A quokka comes into view.
A ribbon worm comes into view.
Found 13 gold pieces.
There are monsters nearby!
There are monsters nearby!
You tentacle-slap the quokka. Your grab misses the quokka.
The quokka is severely wounded.
The quokka completely misses you.
There are monsters nearby!
You closely miss the quokka. Your grab misses the quokka.
The quokka is heavily wounded.
The quokka barely misses you.
There are monsters nearby!
You closely miss the quokka. You grab the quokka.
The quokka is heavily wounded.
You constrict the quokka. The quokka completely misses you.
The quokka closely misses you.
There are monsters nearby!
You tentacle-slap the quokka.
You kill the quokka!
A ribbon worm is nearby!
A ribbon worm is nearby!
You tentacle-slap the ribbon worm. You grab the ribbon worm.
You squeeze the ribbon worm.
The ribbon worm is moderately wounded.
You constrict the ribbon worm.
The ribbon worm expels a string of sticky webbing.
The stream of webbing hits you but does no damage.
You are caught in a web!
You are caught in a web!
Unknown command.
You struggle to detach yourself from the web.
You constrict the ribbon worm. The ribbon worm bites you!
Ouch! That really hurt!
You struggle to detach yourself from the web.
You constrict the ribbon worm. The ribbon worm bites you!
You die...

### $.## #... #..#
#..# #.# #..# #.#
#).####### #.#
###.@w......
####.###...........
........)#####.####
#.##.##.## #
####.##.##.######
................#
####.##.##.####.#
#.##.##.#
####.......#


You could see a ribbon worm (catching breath).

Vanquished Creatures
  2 goblins (D:1)
  A quokka (D:2)
  A frilled lizard (D:1)
4 creatures vanquished.

Notes
Turn   | Place    | Note
-------+----------+-------------------------------------------
     0 | D:1      | 112233 the Octopode Fighter began the quest for the Orb.
     0 | D:1      | Reached XP level 1. HP: 16/16 MP: 1/1
   158 | D:2      | Slain by a ribbon worm

Illustrated notes

Levels and vault maps discovered:
D:1:      dpeg_arrival_rooms_c, layout_basic
D:2:      layout_loops_ring, serial_shops, nicolae_shop_peninsula

Action                     || total
---------------------------++-------
  Melee: Unarmed           ||    10
         Constrict         ||     4
         Tentacles         ||     2
   Stab: Sleeping          ||     1
 Armour: Skin              ||     3
  Dodge: Dodged            ||     6
